 Dungeon Crawl Stone Soup version 0.19-a0-1013-g40768a3 (webtiles) character file.

64 Leszczynek the Skirmisher (level 4, -2/48 HPs)
             Began as an Ogre Abyssal Knight on July 24, 2016.
             Was a Believer of Lugonu.
             Slain by an orc priest
             ... wielding a +0 club
              (9 damage)
             ... on level 3 of the Dungeon.
             The game lasted 00:08:47 (1407 turns).

Leszczynek the Skirmisher (Ogre Abyssal Knight)     Turns: 1407, Time: 00:08:48

Health: -2/48      AC:  3    Str: 17    XL:     4   Next: 12%
Magic:  5/5        EV: 10    Int: 11    God:    Lugonu [**....]
Gold:   127        SH:  0    Dex: 10    Spells: 0 memorised, 3 levels left

rFire  . . .     SeeInvis .     a - +1 mace
rCold  + . .     Gourm    +     b - +0 robe
rNeg   . . .     Faith    .     (no shield)
rPois  .         Spirit   .     (helmet restricted)
rElec  .         Dismiss  .     (no cloak)
rCorr  .         Reflect  .     (gloves unavailable)
SustAt .         Harm     .     (boots unavailable)
MR     .....                    v - amulet of the gourmand
Stlth  +.........               (no ring)
                                q - ring of protection from cold

@: very slightly contaminated, hasted, very quick, not resistant to hostile
enchantments, very unstealthy
A: unfitting armour, tough skin 1
a: Depart the Abyss, Bend Space, Renounce Religion


You were on level 3 of the Dungeon.
You worshipped Lugonu.
Lugonu was pleased with you.
You were not hungry.

You visited 1 branch of the dungeon, and saw 3 of its levels.
You visited the Abyss 1 time.

You collected 127 gold pieces.

Inventory:

Hand Weapons
 a - a +1 mace (weapon)
 n - a +0 hunting sling
 p - a +0 flail
Missiles
 r - 22 sling bullets
Armour
 b - a +0 robe (worn)
Jewellery
 q - a ring of protection from cold (left hand)
 v - an amulet of the gourmand (around neck)
Scrolls
 f - a scroll of teleportation
 g - a scroll of fear
 l - a scroll of identify
Potions
 t - a potion of lignification {unknown}
Comestibles
 c - 2 bread rations
 d - 2 chunks of flesh
 i - 2 meat rations
 k - a royal jelly
 u - 5 fruits
 w - a beef jerky


   Skills:
 - Level 4.0 Fighting
 * Level 4.0 Maces & Flails
 - Level 2.1 Dodging
 - Level 2.0 Stealth
 + Level 2.6 Invocations


You had 3 spell levels left.
You didn't know any spells.

Dungeon Overview and Level Annotations

Branches:
Dungeon (3/15)

Altars:
Ashenzari
Cheibriados
Vehumet
Zin


Innate Abilities, Weirdness & Mutations

You are too large for most types of armour.
You have tough skin. (AC +1)


Message History

The orc priest is heavily wounded.
The orc hits you with a dagger.
* * * LOW HITPOINT WARNING * * *
The orc priest barely misses you. The orc hits you with a dagger.
* * * LOW HITPOINT WARNING * * *
Unknown command.
You feel better.
The orc priest hits you but does no damage.
The orc closely misses you.
Unknown command.
You feel yourself speed up. The orc priest hits you with a club.
* * * LOW HITPOINT WARNING * * *
The orc hits you with a dagger.
* * * LOW HITPOINT WARNING * * *
You are very lightly contaminated with residual magic.
Unknown command.
You hit the orc priest.
The orc priest is severely wounded.
The orc priest hits you with a club!
You die...

... # #..# #.
#..## #.###...##
.........
........#
.....o..# #o#.#
#@#o#
###o#.#######
#.............
#.........)....
#.........._....
#...............
#...............
#..............
####.........)..#


You could see an orc priest, an orc wizard and an orc.

Vanquished Creatures
  2 worms
  3 dart slugs
  A giant gecko (D:1)
  An orc (D:3)
  3 giant cockroaches (D:3)
  9 goblins
  5 hobgoblins
  6 kobolds
  2 quokkas
  7 bats
  2 giant newts
  A jackal zombie (D:3)
  4 rats
46 creatures vanquished.

Notes
Turn   | Place    | Note
-------+----------+-------------------------------------------
     0 | Abyss:1  | Leszczynek the Ogre Abyssal Knight began the quest for the Orb.
     0 | Abyss:1  | Reached XP level 1. HP: 24/24 MP: 2/2
    30 | Abyss:1  | Noticed a hungry ghost
    41 | D:1      | Escaped the Abyss
    82 | D:1      | Reached skill level 1 in Stealth
   159 | D:1      | Reached XP level 2. HP: 20/32 MP: 3/3
   186 | D:1      | Found a shattered altar of Ashenzari.
   376 | D:1      | Reached skill level 2 in Stealth
   443 | D:1      | Reached ** piety under Lugonu
   491 | D:2      | Reached skill level 3 in Maces & Flails
   491 | D:2      | Reached XP level 3. HP: 37/39 MP: 4/4
   725 | D:2      | Found a faded altar of an unknown god.
   867 | D:2      | Found a glowing silver altar of Zin.
   933 | D:2      | Found a radiant altar of Vehumet.
  1183 | D:3      | Reached skill level 4 in Maces & Flails
  1183 | D:3      | Reached XP level 4. HP: 31/48 MP: 5/5
  1365 | D:3      | Found a snail-covered altar of Cheibriados.
  1404 | D:3      | HP: 3/48 [orc/dagger (5)]
  1407 | D:3      | Slain by an orc priest

Vault maps used:
D:1:      minmay_arrival_glassed_features, nicolae_ashenzari_panopticon
D:2:      vehumet_crystals, overflow_temple_1_default, ecumenical_altar_2,
          first_bread
D:3:      cheibriados_altar_1

Skill      XL: |  1  2  3 |
---------------+----------+-----
Stealth        | 1 2 |  2.0
Maces & Flails | 3 4 |  4.0
Fighting       | |  4.0
Dodging        | |  2.1
Invocations    | |  2.6

Action                   |  1- 3 |  4- 6 || total
-------------------------+-------+-------++-------
Melee: Mace              |   112 |    27 ||   139
  Use: Potion            |       |     9 ||     9
       Scroll            |       |     4 ||     4
 Stab: Sleeping          |     2 |       ||     2
  Eat: Chunk             |     7 |       ||     7
Armor: Robe              |    37 |     7 ||    44
Dodge: Dodged            |    57 |    17 ||    74
